 Dungeon Crawl Stone Soup version 0.21.1-1-g345015f (webtiles) character file.

375 Iko the Cudgeler (level 6, 0/51 HPs)
             Began as a Minotaur Gladiator on June 3, 2018.
             Was an Initiate of Dithmenos.
             Slain by an orc warrior
             ... wielding a +0 flail
              (4 damage)
             ... on level 6 of the Dungeon.
             The game lasted 00:10:27 (903 turns).

Iko the Cudgeler (Minotaur Gladiator)                Turns: 903, Time: 00:10:29

Health: 0/51       AC:  6    Str: 18    XL:     6   Next: 44%
Magic:  5/5        EV: 13    Int:  7    God:    Dithmenos [......]
Gold:   82         SH:  2    Dex: 12    Spells: 5/5 levels left

rFire    . . .     SeeInvis .   k - +0 morningstar
rCold    + . .     Gourm    .   (no shield)
rNeg     . . .     Faith    .   e - +0 ring mail
rPois    .         Spirit   .   c - +0 hat
rElec    .         Reflect  +   (no cloak)
rCorr    .         Harm     .   a - +0 pair of gloves
MR       .....     Rnd*Tele +   (no boots)
Stlth    +.........             j - +2 amulet of reflection
HPRegen  0.17/turn              g - ring of protection from cold
MPRegen  0.09/turn              i - ring of teleportation

@: no status effects
A: retaliatory headbutt, horns 2
a: Renounce Religion


You were on level 6 of the Dungeon.
You worshipped Dithmenos.
Dithmenos was noncommittal.
You were not hungry.

You visited 1 branch of the dungeon, and saw 6 of its levels.

You collected 154 gold pieces.
You spent 72 gold pieces at shops.

Inventory:

Hand Weapons
 k - a +0 morningstar (weapon)
 o - a -3 shortbow
Missiles
 d - 7 tomahawks
 l - a throwing net (quivered)
 p - 24 arrows
Armour
 a - a +0 pair of gloves (worn)
 c - a +0 hat (worn)
 e - a +0 ring mail (worn)
Jewellery
 g - a ring of protection from cold (left hand)
 i - a ring of teleportation (right hand)
 j - a +2 amulet of reflection (around neck)
Scrolls
 h - a scroll of teleportation
Potions
 m - a potion of curing
Comestibles
 f - 6 rations


   Skills:
 + Level 3.2 Fighting
 + Level 5.4 Maces & Flails
 + Level 2.5 Throwing
 + Level 3.2 Armour
 + Level 5.3 Dodging
 + Level 0.1 Stealth
   Level 1.7 Shields


You had 5 spell levels left.
You didn't know any spells.

Dungeon Overview and Level Annotations

Branches:
Dungeon (6/15)
 Temple: D:4-7

Altars:
Dithmenos

Shops:
D:5 !

Annotations:
D:6 Prince Ribbit


Innate Abilities, Weirdness & Mutations

You reflexively headbutt those who attack you in melee.
You have a pair of horns on your head.


Message History

* * * LOW HITPOINT WARNING * * *
The orc closely misses you. You furiously retaliate!
You headbutt the orc!
You kill the orc!
Dithmenos accepts your kill. The orc closely misses you.
You furiously retaliate!
You headbutt the orc. The orc hits you but does no damage.
The orc priest closely misses you.
A phantom comes into view.
You closely miss the orc priest. Your headbutt misses the orc priest.
The orc warrior barely misses you.
The adder zombie bites you but does no damage.
The orc hits you but does no damage. You block the orc's attack.
The orc priest misses you. You furiously retaliate!
You headbutt the orc priest! You sock the orc priest!
You kill the orc priest!
Dithmenos accepts your kill. The adder zombie bites you.
* * * LOW HITPOINT WARNING * * *
The orc warrior hits you with a flail.
You die...

.[.............
...........$...
.............$.
...............
...............
...............
......Z.)......
......o@o......
..)...o).......
.F.............
.W.............
...............
.........5.....
#..............
..............#


You could see Prince Ribbit, a phantom, an orc warrior, a crimson imp, 2 orcs
and an adder zombie.

Vanquished Creatures
  A phantom (D:5)
  A centaur (D:5)
  A scorpion (D:3)
  2 crimson imps (D:5)
  An orc priest (D:6)
  A worker ant (D:4)
  2 adders
  An adder skeleton (D:5)
  A dart slug (D:1)
  An orc (D:6)
  4 bats (D:3)
  A giant cockroach (D:4)
  2 goblins
  3 hobgoblins
  2 jackals (D:4)
  2 frilled lizards (D:1)
  A quokka zombie (D:5)
  2 rats
29 creatures vanquished.

Notes
Turn   | Place    | Note
-------+----------+-------------------------------------------
     0 | D:1      | Iko the Minotaur Gladiator began the quest for the Orb.
     0 | D:1      | Reached XP level 1. HP: 18/18 MP: 0/0
   242 | D:2      | Found a shadowy altar of Dithmenos.
   245 | D:2      | Reached XP level 2. HP: 25/25 MP: 1/1
   252 | D:2      | Became a worshipper of Dithmenos the Shadowed
   320 | D:3      | Noticed a scorpion
   330 | D:3      | Killed a scorpion
   330 | D:3      | Reached XP level 3. HP: 18/30 MP: 2/2
   330 | D:3      | Reached XP level 4. HP: 22/37 MP: 3/3
   462 | D:4      | Reached skill level 1 in Armour
   545 | D:5      | Entered Level 5 of the Dungeon
   569 | D:5      | Noticed a phantom
   578 | D:5      | Reached skill level 5 in Dodging
   578 | D:5      | Reached XP level 5. HP: 38/44 MP: 4/4
   617 | D:5      | Killed a phantom
   617 | D:5      | Reached skill level 5 in Maces & Flails
   617 | D:5      | Reached skill level 1 in Shields
   638 | D:5      | Found Bov Farghydgh's Distillery.
   649 | D:5      | Bought a potion of curing for 36 gold pieces
   649 | D:5      | Bought a potion of curing for 36 gold pieces
   736 | D:5      | Noticed a centaur
   753 | D:5      | Killed a centaur
   753 | D:5      | Reached XP level 6. HP: 17/51 MP: 5/5
   897 | D:6      | Noticed an orc warrior
   900 | D:6      | Noticed Prince Ribbit
   903 | D:6      | Slain by an orc warrior

Skill      XL: |  1  2  3  4  5 |
---------------+----------------+-----
Maces & Flails | 4 5 |  5.4
Dodging        | 4 5 |  5.3
Armour         | 1 3 |  3.2
Fighting       | 3 |  3.2
Shields        | 1 |  1.7
Throwing       | |  2.5
Stealth        | |  0.1

Action                   |  1- 3 |  4- 6 || total
-------------------------+-------+-------++-------
Melee: Flail             |    33 |    36 ||    69
       Headbutt          |     3 |     5 ||     8
       Morningstar       |       |    16 ||    16
 Fire: Shortbow          |       |     3 ||     3
Throw: Throwing net      |       |     7 ||     7
  Use: Scroll            |     3 |     4 ||     7
       Potion            |       |     2 ||     2
Armor: Leather armour    |     3 |       ||     3
       Ring mail         |    11 |     8 ||    19
Dodge: Dodged            |    13 |    27 ||    40
Block: Shield            |    14 |    28 ||    42
       Reflection        |       |     1 ||     1
       Other             |       |     1 ||     1
